 Dungeon Crawl Stone Soup version 0.31.0-11-ge490571c62 (webtiles) character file.

Game seed: 8738862163907271450

97 qw the Shooter (level 4, 0/22 HPs)
             Began as a Spriggan Hunter on Feb 3, 2024.
             Succumbed to their own poison gas
             ... on level 3 of the Dungeon.
             The game lasted 00:00:07 (2117 turns).

qw the Shooter (Spriggan Hunter)                    Turns: 2117, Time: 00:00:07

Health: 0/22       AC:  2    Str:  7    XL:     4   Next: 42%
Magic:  5/5        EV: 20    Int: 10    God:
Gold:   151        SH:  0    Dex: 20    Spells: 3/3 levels left

rFire   . . .        a - +0 shortbow (freeze)
rCold   + . .        (shield currently unavailable)
rNeg    . . .        c - +0 robe
rPois   .            (helmet restricted)
rElec   .            (no cloak)
rCorr   .            (gloves unavailable)
SInv    +            (boots unavailable)
Will    .....        (no amulet)
Stlth   ++           i - ring of protection from cold
HPRegen 0.23/turn    (no ring)
MPRegen 0.09/turn

%: no passive effects
@: lethally poisoned (0 -> -3), very quick
A: very small, no large weapons, unfitting armour, see invisible, speed 3
a: no special abilities


You were on level 3 of the Dungeon.
You visited 1 branch of the dungeon, and saw 3 of its levels.

You collected 151 gold pieces.


Innate Abilities, Weirdness & Mutations

You are very small and have problems with some larger weapons.
You are too small for most types of armour.
You have supernaturally acute eyesight. (SInv)
You cover ground extremely quickly. (Speed+++)


   Skills:
 - Level 1.5 Fighting
 - Level 5.0 Ranged Weapons
 + Level 4.9 Dodging
 - Level 1.5 Stealth


You had 3 spell levels left.
You didn't know any spells.
Your spell library was empty.

Inventory:

Hand Weapons
 a - a +0 shortbow of freezing (weapon)
Armour
 c - a +0 robe (worn)
Jewellery
 i - a ring of protection from cold (left hand)
Scrolls
 h - a scroll of teleportation
Potions
 b - a potion of cancellation
 f - a potion of attraction {unknown}
 g - a potion of heal wounds {unknown}

Dungeon Overview and Level Annotations

Branches:
Dungeon (3/15)

Altars:
Kikubaaqudgha


Message History

There is a stone staircase leading up here.
Partly explored, can't reach some places.
2105 ||| UPGRADING to ring of protection from cold.
i - a ring of protection from cold (left hand)
2106 ||| READING scroll labelled TIEFUPN MIUZIHONT.
As you read the scroll labelled TIEFUPN MIUZIHONT, it crumbles to dust.
You assume a fearsome visage.
Nothing appears to happen.
It was a scroll of fear.
2107 ||| READING scroll labelled IPHULA DIZEIC.
The air fills with toxic fumes!
As you read the scroll labelled IPHULA DIZEIC, it crumbles to dust.
It was a scroll of poison.
What level of the Dungeon? (default 3, ? - help) Sorry, I don't know how to get there.
Enter note:
Enter note:
Enter note:
Enter note:
Enter note:
Enter note: You are engulfed in poison gas.
You are poisoned.
You feel very sick.
2109 ||| Stepping ~*~*~tactically~*~*~ (cloud).
You feel sick.
There is a lethal amount of poison in your body!
You feel very sick.
There is a lethal amount of poison in your body!
You feel sick.
There is a lethal amount of poison in your body!
You feel sick.
There is a lethal amount of poison in your body!
You feel sick.
There is a lethal amount of poison in your body!
You feel sick.
There is a lethal amount of poison in your body!
You feel sick.
There is a lethal amount of poison in your body!
You feel sick.
There is a lethal amount of poison in your body!
You die...

.## ##.##.#PP..P....# #.#
..###.....#####0##### #.#
...#.####<#¤0¤¤PP¤00# #.#
.....# #.#P0P0¤PP¤P###.#
...### #.#PP0P00¤00#...#
...# #.#P¤¤¤P00PP#####
...# #..#0000000#.# ####
...# #.##0P¤¤¤PP### ##...
...#
#.##0PPP@¤P##########.###
...#
#000##P¤P##0000.......#
##.#
######P¤P#...00.....#.###
#.# #0###¤.###.##...##...
#.##### ## ####
#.##..###### #.....#
#..#..# #####.#
##.#..#### # #.#
#.#.....### # #.#
#.##.#.....


There were no monsters in sight!

Vanquished Creatures
  Terence (D:3)
  An adder (D:3)
  A dart slug (D:1)
  2 ribbon worms (D:2)
  An orc (D:2)
  5 ball pythons
  6 endoplasms
  5 giant cockroaches
  4 goblins (D:2)
  3 hobgoblins
  2 jackals (D:1)
  3 quokkas
  6 bats
  2 frilled lizards
  6 kobolds
  4 rats
52 creatures vanquished.

Notes
Turn   | Place    | Note
-------+----------+-------------------------------------------
     0 | D:1      | qw the Spriggan Hunter began the quest for the Orb.
     0 | D:1      | Reached XP level 1. HP: 10/10 MP: 2/2
     0 | D:1      | 0 ||| qw: Version: 0.3-a-157-g843a77d
     0 | D:1      | 0 ||| qw: Game counter: 3668
     0 | D:1      | 0 ||| qw: Melee chars always use a shield: true
     0 | D:1      | 0 ||| qw: God list: Okawaru
     0 | D:1      | 0 ||| qw: Allow faded altars: false
     0 | D:1      | 0 ||| qw: Do Orc after clearing Dungeon:15 true
     0 | D:1      | 0 ||| qw: Do second Lair branch before Depths: true
     0 | D:1      | 0 ||| qw: Lair rune preference: random
     0 | D:1      | 0 ||| qw: Goals: Normal
     0 | D:1      | 0 ||| PLANNING D:1-11
    44 | D:1      | Reached skill level 3 in Dodging
    94 | D:1      | Reached XP level 2. HP: 14/14 MP: 3/3
   462 | D:1      | 462 ||| DROPPING amulet of magic regeneration.
   478 | D:1      | 478 ||| READING 3 scrolls labelled YQIMOO XULOJ.
   478 | D:1      | 478 ||| IDENTIFYING grey potion
   479 | D:1      | 479 ||| READING 2 scrolls of identify.
   479 | D:1      | 479 ||| IDENTIFYING viscous pink potion
   523 | D:1      | 523 ||| DROPPING scroll of butterflies.
   528 | D:1      | 528 ||| DROPPING potion of ambrosia.
   530 | D:1      | 530 ||| DROPPING potion of berserk rage.
   628 | D:2      | Reached XP level 3. HP: 18/18 MP: 4/4
  1054 | D:2      | 1054 ||| READING 2 scrolls of identify.
  1054 | D:2      | 1054 ||| IDENTIFYING red potion
  1055 | D:2      | 1055 ||| READING scroll of identify.
  1055 | D:2      | 1055 ||| IDENTIFYING scroll labelled SUEQYONULL
  1056 | D:2      | 1056 ||| READING scroll of brand weapon.
  1056 | D:2      | 1056 ||| BRANDING +0 shortbow.
  1057 | D:2      | 1057 ||| READING scroll labelled TOVESE NAQA.
  1061 | D:2      | 1061 ||| READING scroll labelled NYVUZE FIUNA.
  1134 | D:3      | Reached skill level 5 in Ranged Weapons
  1155 | D:3      | Found a faded altar of an unknown god.
  1482 | D:3      | Reached XP level 4. HP: 22/22 MP: 5/5
  1621 | D:3      | Noticed Terence
  1626 | D:3      | Killed Terence
  1640 | D:3      | Found a faded altar of an unknown god.
  2003 | D:3      | Found an ancient bone altar of Kikubaaqudgha.
  2105 | D:3      | 2105 ||| UPGRADING to ring of protection from cold.
  2106 | D:3      | 2106 ||| READING scroll labelled TIEFUPN MIUZIHONT.
  2107 | D:3      | 2107 ||| READING scroll labelled IPHULA DIZEIC.
  2109 | D:3      | 2109 ||| Stepping ~*~*~tactically~*~*~ (cloud).
  2112 | D:3      | HP: 5/22 [poisoned by you (poison gas)]
  2114 | D:3      | HP: 2/22 [poisoned by you (poison gas)]
  2117 | D:3      | Succumbed to their own poison gas

Levels and vault maps discovered:
D:1:      lightli_molten_gateway, layout_rooms
D:2:      layout_rooms
D:3:      layout_loops_ring, nicolae_overflow_ecumenical_swirl,
          shapermc_ecumenical_altar_gd, nrook_uturn, uniq_terence

Skill      XL: |  1  2  3 |
---------------+----------+-----
Dodging        | 3 4 |  4.9
Ranged Weapons | 5 |  5.0
Fighting       | |  1.5
Stealth        | |  1.5

Action                     |  1- 3 |  4- 6 || total
---------------------------+-------+-------++-------
   Fire: Shortbow          |   128 |    10 ||   138
    Use: Scroll            |     7 |     2 ||     9
 Armour: Robe              |     6 |       ||     6
  Dodge: Dodged            |    32 |     1 ||    33

Table legend:
 A = Non-vault XP
 B = Vault XP
 C = Vault XP percentage of total XP
 D = Non-vault monster count
 E = Vault monster count
 F = Vault count percentage of total count
                 A         B        C        D         E       F
            +---------+---------+-------+---------+---------+-------
      Total |     107 |      32 |  23.0 |      51 |       1 |   1.9
            +---------+---------+-------+---------+---------+-------
        D:1 |      35 |       0 |   0.0 |      20 |       0 |   0.0
        D:2 |      47 |       0 |   0.0 |      23 |       0 |   0.0
        D:3 |      25 |      32 |  56.1 |       8 |       1 |  11.1
            +---------+---------+-------+---------+---------+-------
